 Dungeon Crawl Stone Soup version 0.30.1-1-g62c8e00024 (webtiles) character file.

Game seed: 17735031727037736658

287 Draugr the Digger (level 6, -6/35 HPs)
             Began as a Gargoyle Earth Elementalist on July 15, 2023.
             Was an Initiate of Vehumet.
             Mangled by a gnoll
             ... wielding a +1 mace of protection
              (7 damage)
             ... on level 3 of the Dungeon.
             The game lasted 00:12:49 (2598 turns).

Draugr the Digger (Gargoyle Earth Elementalist)     Turns: 2598, Time: 00:12:51

Health: -6/35      AC:  7    Str: 11      XL:     6   Next: 30%
Magic:  5/12       EV: 11    Int: 16 (18) God:    Vehumet [......]
Gold:   117        SH:  0    Dex:  8 (10) Spells: 5/13 levels left

rFire   . . .        l - +2 dagger (speed)
rCold   . . .        (no shield)
rNeg    + . .        a - +0 robe
rPois   ∞            (no helmet)
rElec   +            (no cloak)
rCorr   .            (no gloves)
SInv    .            g - +0 pair of boots
Will    .....        (no amulet)
Stlth   ++           (no ring)
HPRegen 0.25/turn    (no ring)
MPRegen 0.13/turn

%: no passive effects
@: no status effects
A: sickness immunity, AC +4, negative energy resistance 1, electricity
resistance, torment resistance 1, petrification resistance
a: Renounce Religion


You were on level 3 of the Dungeon.
You worshipped Vehumet.
Vehumet was noncommittal.
You visited 2 branches of the dungeon, and saw 5 of its levels.

You collected 117 gold pieces.

Inventory:

Hand Weapons
 c - a +0 dagger
 f - a +0 short sword
 k - a +1 dagger of holy wrath
 l - a +2 dagger of speed (weapon)
Armour
 a - a +0 robe (worn)
 d - an orb of mayhem
 g - a +0 pair of boots (worn)
 p - a scarf of harm
 s - a scarf of shadows
Scrolls
 e - a scroll of enchant armour
 h - a scroll of brand weapon
 j - a scroll of magic mapping {unknown}
 q - 2 scrolls of vulnerability
 r - a scroll of poison {unknown}
 u - a scroll of fog {unknown}
Potions
 b - a potion of magic
 i - a potion of flight {unknown}
 m - a potion of might {unknown}
 n - a potion of brilliance {unknown}
 o - a potion of heal wounds
 t - a potion of lignification


   Skills:
 - Level 2.2 Fighting
 - Level 2.0 Short Blades
 - Level 1.5 Dodging
 - Level 2.1 Stealth
 - Level 4.0 Spellcasting
 + Level 2.4 Conjurations
 - Level 1.0 Hexes
 - Level 0.7 Transmutations
 - Level 4.0 Earth Magic


You had 5 spell levels left.
You knew the following spells:

 Your Spells              Type           Power      Damage    Failure   Level
a - Sandblast             Erth           32%        2d9       3%          1
b - Stone Arrow           Conj/Erth      26%        3d8       13%         3
c - Ensorcelled Hibernat  Hex/Ice        8%         N/A       21%         2
d - Blink                 Tloc           6%         N/A       26%         2

Your spell library contained the following spells:

 Spells                   Type           Power      Damage    Failure   Level
 Passwall                 Tmut/Erth      8%         N/A       10%         2
 Momentum Strike          Conj/Tloc      14%        3d8       16%         2
 Lesser Beckoning         Tloc           6%         N/A       26%         2
 Spider Form              Tmut/Pois      4%         N/A       41%         3
 Petrify                  Tmut/Erth      10%        N/A       54%         4
 Anguish                  Hex/Necr       2%         N/A       80%         4


Dungeon Overview and Level Annotations

Branches:
Dungeon (4/15)             Temple (1/1) D:4

Altars:
Ashenzari
Dithmenos
Elyvilon
Fedhas
Gozag
Makhleb
Nemelex Xobeh
Qazlal
Sif Muna
Trog
Uskayaw
Vehumet
Wu Jian
Yredelemnul
Zin

Annotations:
D:4 Blork the orc, Grinder


Innate Abilities, Weirdness & Mutations

You are immune to sickness and miasma.
Your stone body is resilient. (AC +4)
You are immune to poison.
You resist negative energy. (rN+)
You are resistant to electric shocks. (rElec)
You are resistant to unholy torment.
You are immune to petrification.


Message History

Confirm with . or Enter, or press ? or * to list all spells.
Aiming: Sandblast (safe; 3% risk of failure)
Press: ? - help, Shift-Dir - straight line, f/p - gnoll
Aim: a gnoll, wielding a +1 mace of protection (severely wounded, 84% to hit)
The blast of sand misses the gnoll.
The gnoll hits you with a +1 mace of protection.
The gnoll hits you with a +0 flail.
* * * LOW HITPOINT WARNING * * *
The gnoll closely misses you. The gnoll barely misses you.
Okay, then.
Casting: Sandblast (safe; 3% risk of failure)
Confirm with . or Enter, or press ? or * to list all spells.
Aiming: Sandblast (safe; 3% risk of failure)
Press: ? - help, Shift-Dir - straight line, f/p - gnoll
Aim: a gnoll, wielding a +1 mace of protection (severely wounded, 84% to hit)
The blast of sand hits the gnoll but does no damage.
The gnoll is severely wounded.
The gnoll hits you with a +1 mace of protection.
* * * LOW HITPOINT WARNING * * *
The gnoll hits you but does no damage.
Casting: Sandblast (safe; 3% risk of failure)
Confirm with . or Enter, or press ? or * to list all spells.
Aiming: Sandblast (safe; 3% risk of failure)
Press: ? - help, Shift-Dir - straight line, f/p - gnoll
Aim: a gnoll, wielding a +1 mace of protection (severely wounded, 84% to hit)
The blast of sand hits the gnoll but does no damage.
The gnoll is severely wounded.
The gnoll barely misses you. The gnoll closely misses you.
The gnoll hits you with a +1 mace of protection.
* * * LOW HITPOINT WARNING * * *
The gnoll barely misses you.
Casting: Sandblast (safe; 3% risk of failure)
Confirm with . or Enter, or press ? or * to list all spells.
Aiming: Sandblast (safe; 3% risk of failure)
Press: ? - help, Shift-Dir - straight line, f/p - gnoll
Aim: a gnoll, wielding a +1 mace of protection (severely wounded, 84% to hit)
The blast of sand hits the gnoll but does no damage.
The gnoll is severely wounded.
The gnoll hits you with a +1 mace of protection!
You die...

##### ##...##
##.###.### ##
#####........#
.#######...<...>....#
.........###..#g##..#
.######### ##.#g@...#
## #....#..#
#.......# #......##
###############.###
##............##)#
##.......####.##.#
##.......####.##.#
##.......##......#


You could see 2 gnolls.

Vanquished Creatures
  A hound (D:3)
  3 orc wizards
  6 adders
  3 gnolls (D:4)
  A white imp (D:4)
  3 dart slugs
  12 orcs
  9 endoplasms
  3 giant cockroaches
  7 goblins
  A hobgoblin (D:4)
  7 jackals
  A quokka (D:1)
  7 ball pythons
  5 bats
  3 frilled lizards
  3 kobolds (D:1)
  3 rats
78 creatures vanquished.

Notes
Turn   | Place    | Note
-------+----------+-------------------------------------------
     0 | D:1      | Draugr the Gargoyle Earth Elementalist began the quest for
                  | the Orb.
     0 | D:1      | Reached XP level 1. HP: 10/10 MP: 3/3
   116 | D:1      | Reached skill level 1 in Fighting
   214 | D:1      | Reached XP level 2. HP: 17/17 MP: 5/5
   358 | D:1      | Reached skill level 1 in Short Blades
   434 | D:1      | You fall into a shaft and drop 1 floor!
   454 | D:2      | Reached XP level 3. HP: 18/21 MP: 0/6
   752 | D:2      | Reached XP level 4. HP: 26/26 MP: 5/7
   756 | D:2      | Learned a level 3 spell: Stone Arrow
   759 | D:2      | Learned a level 2 spell: Ensorcelled Hibernation
   957 | D:2      | Found a faded altar of an unknown god.
  1177 | D:3      | Reached skill level 1 in Hexes
  1527 | D:3      | Reached XP level 5. HP: 30/30 MP: 9/9
  1744 | D:3      | Learned a level 2 spell: Blink
  2045 | D:4      | Found a staircase to the Ecumenical Temple.
  2051 | Temple   | Entered the Ecumenical Temple
  2082 | Temple   | Became a worshipper of Vehumet
  2285 | D:4      | Reached XP level 6. HP: 33/35 MP: 9/12
  2287 | D:4      | Reached skill level 1 in Conjurations
  2533 | D:4      | Noticed Grinder
  2591 | D:4      | Noticed Blork the orc
  2597 | D:3      | HP: 1/35 [gnoll/+1 mace of protection (5)]
  2598 | D:3      | Mangled by a gnoll

Illustrated notes

Levels and vault maps discovered:
D:1:      roderic_crossed_star, layout_basic
D:2:      layout_rooms, shapermc_ecumenical_altar_mp_vishouse,
          minmay_pentomino_x2
D:3:      layout_loops_cross
D:4:      black_bear_nest_1, layout_rooms, minmay_temple_entry_butterflies,
          uniq_blork_the_orc, uniq_grinder
Temple:   nicolae_temple_the_god_donut

Skill      XL: |  1  2  3  4  5  6 |
---------------+-------------------+-----
Fighting       | 1 2 |  2.2
Short Blades   | 1 2 |  2.0
Earth Magic    | 4 |  4.0
Hexes          | 1 |  1.0
Spellcasting   | 4 |  4.0
Conjurations   | 2 |  2.4
Dodging        | |  1.5
Stealth        | |  2.1
Transmutations | |  0.7

Action                     |  1- 3 |  4- 6 || total
---------------------------+-------+-------++-------
  Melee: Short sword       |    22 |       ||    22
         Dagger            |    14 |    57 ||    71
         Punch             |     1 |       ||     1
   Cast: Sandblast         |    26 |    75 ||   101
    Use: Scroll            |       |     5 ||     5
         Potion            |       |     3 ||     3
   Stab: Sleeping          |     6 |     4 ||    10
 Armour: Robe              |    35 |    27 ||    62
         Skin              |       |    22 ||    22
  Dodge: Dodged            |    42 |    59 ||   101
